| TOP OF THE 1ST |
|
Washington Nationals batting - Pitching for Pittsburgh Pirates : LHP Sam Richardson
|
|
Pitching: LHP Sam Richardson
|
|
|
Batting: RHB Luis Torres
|
0-0: SOLO HOME RUN (Line Drive, 7D, EV 99.4 MPH), Distance : 394 ft
|
|
Batting: RHB C.J. Beavers
|
0-0: Called Strike 0-1: Ground out 6-3 (Groundball, 6, EV 87.5 MPH)
|
|
Batting: SHB Junzo Kato
|
0-0: Ball 1-0: Ball 2-0: Called Strike 2-1: Ball 3-1: Ground out 6-3 (Groundball, 6, EV 110.6 MPH)
|
|
Batting: RHB John Sanders
|
0-0: Ball 1-0: Ball 2-0: Called Strike 2-1: Foul Ball, location: 2F 2-2: Ball 3-2: Foul Ball, location: 2F 3-2: Strikes out swinging
|
| Top of the 1st over - 1 run, 1 hit, 0 errors, 0 left on base; Washington 1 - Pittsburgh 0 |
| BOTTOM OF THE 1ST |
|
Pittsburgh Pirates batting - Pitching for Washington Nationals : RHP Reece Nichols
|
|
Pitching: RHP Reece Nichols
|
|
|
Batting: RHB Eisse Bravenboer
|
0-0: Swinging Strike 0-1: Fly out, F9 (Flyball, 89M, EV 92.5 MPH)
|
|
Batting: RHB Steve Jordan
|
0-0: Ball 1-0: Called Strike 1-1: Called Strike 1-2: Ball 2-2: Foul Ball, location: 2F 2-2: Ball 3-2: Fly out, F9 (Line Drive, 9, EV 93.8 MPH)
|
|
Batting: SHB Marvin McAleer
|
0-0: Ball 1-0: Called Strike 1-1: Ball 2-1: Ground out 3-1 (Groundball, 34S, EV 75.0 MPH)
|
| Bottom of the 1st over - 0 runs, 0 hits, 0 errors, 0 left on base; Washington 1 - Pittsburgh 0 |
| TOP OF THE 2ND |
|
Washington Nationals batting - Pitching for Pittsburgh Pirates : LHP Sam Richardson
|
|
Batting: LHB R.J. O'Brien
|
0-0: Called Strike 0-1: Ground out 4-3 (Groundball, 4, EV 101.9 MPH)
|
|
Batting: RHB Tommy Baird
|
0-0: Called Strike 0-1: Ground out 4-3 (Groundball, 4M, EV 88.8 MPH)
|
|
Batting: LHB Armando Carbajal
|
0-0: Called Strike 0-1: Foul Ball, location: 2F 0-2: Strikes out swinging
|
| Top of the 2nd over - 0 runs, 0 hits, 0 errors, 0 left on base; Washington 1 - Pittsburgh 0 |
| BOTTOM OF THE 2ND |
|
Pittsburgh Pirates batting - Pitching for Washington Nationals : RHP Reece Nichols
|
|
Batting: RHB Vincent Poopwell
|
0-0: Ground out 4-3 (Groundball, 4M, EV 106.9 MPH)
|
|
Batting: LHB Theodore Conboy
|
0-0: Foul Ball, location: 2F 0-1: Ball 1-1: Foul Ball, location: 2F 1-2: Foul Ball, location: 2F 1-2: Ball 2-2: SOLO HOME RUN (Line Drive, 8RXD, EV 110.6 MPH), Distance : 428 ft
|
|
Batting: RHB Tommie Eaton
|
0-0: Ball 1-0: Ball 2-0: Called Strike 2-1: Foul Ball, location: 2F 2-2: Ball 3-2: Strikes out swinging
|
|
Batting: RHB Mike Thornton
|
0-0: Ball 1-0: Ball 2-0: Called Strike 2-1: Ball 3-1: SINGLE (Line Drive, 8LM, EV 91.3 MPH)
|
|
Batting: RHB Mike Bates
|
0-0: Called Strike 0-1: Ball 1-1: SINGLE (Flyball, 4MD, EV 91.3 MPH) Mike Thornton to second
|
|
Batting: RHB Pedro Nin
|
0-0: Fly out, F7 (Flyball, 7LM, EV 86.3 MPH)
|
| Bottom of the 2nd over - 1 run, 3 hits, 0 errors, 2 left on base; Washington 1 - Pittsburgh 1 |
| TOP OF THE 3RD |
|
Washington Nationals batting - Pitching for Pittsburgh Pirates : LHP Sam Richardson
|
|
Batting: RHB Mike Blair
|
0-0: Called Strike 0-1: Ball 1-1: Swinging Strike 1-2: Strikes out swinging
|
|
Batting: SHB Andrew Wray II
|
0-0: Bunt for hit to 23 - play at first, batter OUT! 3-4
|
|
Batting: RHB Luis Torres
|
0-0: Ball 1-0: SINGLE (Line Drive, 78S, EV 100.0 MPH)
|
|
Batting: RHB C.J. Beavers
|
0-0: DOUBLE (Flyball, 78D, EV 109.4 MPH) Luis Torres to third Runner from 3rd tries for Home, throw by CF and OUT! 8-6-2
|
| Top of the 3rd over - 0 runs, 2 hits, 0 errors, 1 left on base; Washington 1 - Pittsburgh 1 |
| BOTTOM OF THE 3RD |
|
Pittsburgh Pirates batting - Pitching for Washington Nationals : RHP Reece Nichols
|
|
Batting: RHB Eisse Bravenboer
|
0-0: Called Strike 0-1: Called Strike 0-2: Foul Ball, location: 2F 0-2: Foul Ball, location: 2F 0-2: SINGLE (Groundball, 34D, EV 95.0 MPH)
|
|
Batting: RHB Steve Jordan
|
0-0: Grounds into double play, 4-6-3 (Groundball, 4MD, EV 104.4 MPH)
|
|
Batting: SHB Marvin McAleer
|
0-0: Swinging Strike 0-1: Fly out, F8 (Flyball, 8LD, EV 80.0 MPH)
|
| Bottom of the 3rd over - 0 runs, 1 hit, 0 errors, 0 left on base; Washington 1 - Pittsburgh 1 |
| TOP OF THE 4TH |
|
Washington Nationals batting - Pitching for Pittsburgh Pirates : LHP Sam Richardson
|
|
Batting: SHB Junzo Kato
|
0-0: Ball 1-0: Called Strike 1-1: Ball 2-1: Ground out 6-3 (Groundball, 6, EV 83.1 MPH)
|
|
Batting: RHB John Sanders
|
0-0: Ball 1-0: Ground out U3 (Groundball, 34, EV 84.4 MPH)
|
|
Batting: LHB R.J. O'Brien
|
0-0: Ball 1-0: SINGLE (Line Drive, 7LS, EV 106.3 MPH)
|
|
Batting: RHB Tommy Baird
|
0-0: Ball 1-0: Called Strike 1-1: Called Strike 1-2: Foul Ball, location: 2F 1-2: Ball 2-2: DOUBLE (Flyball, 78D, EV 108.1 MPH) R.J. O'Brien to third
|
|
Batting: LHB Armando Carbajal
|
0-0: Called Strike 0-1: Swinging Strike 0-2: Ball 1-2: Foul Ball, location: 2F 1-2: Ball 2-2: Foul Ball, location: 2F 2-2: Strikes out swinging
|
| Top of the 4th over - 0 runs, 2 hits, 0 errors, 2 left on base; Washington 1 - Pittsburgh 1 |
| BOTTOM OF THE 4TH |
|
Pittsburgh Pirates batting - Pitching for Washington Nationals : RHP Reece Nichols
|
|
Batting: RHB Vincent Poopwell
|
0-0: Ball 1-0: Ball 2-0: Foul Ball, location: 2F 2-1: Foul Ball, location: 2F 2-2: Strikes out swinging
|
|
Batting: LHB Theodore Conboy
|
0-0: Ball 1-0: SINGLE (Groundball, 4MD, EV 106.3 MPH)
|
|
Batting: RHB Tommie Eaton
|
0-0: Ball 1-0: Foul Ball, location: 2F 1-1: Grounds into double play, 4-6-3 (Groundball, 4, EV 97.5 MPH)
|
| Bottom of the 4th over - 0 runs, 1 hit, 0 errors, 0 left on base; Washington 1 - Pittsburgh 1 |
| TOP OF THE 5TH |
|
Washington Nationals batting - Pitching for Pittsburgh Pirates : LHP Sam Richardson
|
|
Batting: RHB Mike Blair
|
0-0: Ball 1-0: Ball 2-0: Swinging Strike 2-1: Swinging Strike 2-2: Foul Ball, location: 2F 2-2: Strikes out swinging
|
|
Batting: SHB Andrew Wray II
|
0-0: Ball 1-0: Called Strike 1-1: Ball 2-1: Foul Ball, location: 2F 2-2: SOLO HOME RUN (Flyball, 7D, EV 93.1 MPH), Distance : 367 ft
|
|
Batting: RHB Luis Torres
|
0-0: Ball 1-0: Fly out, F4 (Line Drive, 4, EV 65.6 MPH)
|
|
Batting: RHB C.J. Beavers
|
0-0: Ball 1-0: Ball 2-0: Ball 3-0: SINGLE (Groundball, 56, EV 82.5 MPH) (infield hit)
|
|
Batting: SHB Junzo Kato
|
0-0: Foul Ball, location: 2F 0-1: Ball 1-1: Ball 2-1: Ball 3-1: SINGLE (Flyball, 9S, EV 95.6 MPH) C.J. Beavers to second Runner from 2nd tries for 3rd, SAFE, throw by RF made to third
|
|
Batting: RHB John Sanders
|
0-0: Fly out, F8 (Flyball, 8RD, EV 93.1 MPH)
|
| Top of the 5th over - 1 run, 3 hits, 0 errors, 2 left on base; Washington 2 - Pittsburgh 1 |
| BOTTOM OF THE 5TH |
|
Pittsburgh Pirates batting - Pitching for Washington Nationals : RHP Reece Nichols
|
|
Batting: RHB Mike Thornton
|
0-0: Called Strike 0-1: Ball 1-1: Called Strike 1-2: Strikes out looking
|
|
Batting: RHB Mike Bates
|
0-0: Called Strike 0-1: Swinging Strike 0-2: Ball 1-2: Strikes out swinging
|
|
Batting: RHB Pedro Nin
|
0-0: Foul Ball, location: 2F 0-1: SINGLE (Groundball, 56, EV 104.4 MPH) (infield hit)
|
|
Batting: RHB Eisse Bravenboer
|
0-0: Ball Pedro Nin is caught stealing 2nd base 2-4
|
| Bottom of the 5th over - 0 runs, 1 hit, 0 errors, 0 left on base; Washington 2 - Pittsburgh 1 |
| TOP OF THE 6TH |
|
Washington Nationals batting - Pitching for Pittsburgh Pirates : LHP Sam Richardson
|
|
Batting: LHB R.J. O'Brien
|
0-0: Ball 1-0: Ball 2-0: Ball 3-0: Base on Balls
|
|
Batting: RHB Tommy Baird
|
0-0: Ball 1-0: Ball 2-0: Ball 3-0: Swinging Strike 3-1: Called Strike 3-2: Foul Ball, location: 2F 3-2: Grounds into double play, 6-4-3 (Groundball, 6, EV 83.1 MPH)
|
|
Batting: LHB Armando Carbajal
|
0-0: Called Strike 0-1: Swinging Strike 0-2: Ball 1-2: Foul Ball, location: 2F 1-2: Strikes out looking
|
| Top of the 6th over - 0 runs, 0 hits, 0 errors, 0 left on base; Washington 2 - Pittsburgh 1 |
| BOTTOM OF THE 6TH |
|
Pittsburgh Pirates batting - Pitching for Washington Nationals : RHP Reece Nichols
|
|
Batting: RHB Eisse Bravenboer
|
0-0: Foul Ball, location: 2F 0-1: Foul Ball, location: 2F 0-2: Ball 1-2: Ball 2-2: Ball 3-2: Fly out, F8 (Flyball, 89D, EV 100.0 MPH)
|
|
Batting: RHB Steve Jordan
|
0-0: Ball 1-0: Ball 2-0: Called Strike 2-1: DOUBLE (Line Drive, 9LS, EV 92.5 MPH)
|
|
Batting: SHB Marvin McAleer
|
0-0: Ball 1-0: Called Strike Steve Jordan steals 3rd base 1-1: SINGLE (Flyball, 4MD, EV 95.0 MPH) Steve Jordan scores
|
|
Batting: RHB Vincent Poopwell
|
0-0: Ball 1-0: Foul Ball, location: 2F 1-1: Foul Ball, location: 2F 1-2: Fly out, F9 (Flyball, 89S, EV 95.0 MPH)
|
|
Batting: LHB Theodore Conboy
|
0-0: Ball Marvin McAleer steals 2nd base 1-0: 2-RUN HOME RUN (Flyball, 7LD, EV 96.9 MPH), Distance : 339 ft
|
|
Batting: RHB Tommie Eaton
|
0-0: Called Strike 0-1: Ball 1-1: Called Strike 1-2: Strikes out swinging
|
| Bottom of the 6th over - 3 runs, 3 hits, 0 errors, 0 left on base; Washington 2 - Pittsburgh 4 |
| TOP OF THE 7TH |
|
Washington Nationals batting - Pitching for Pittsburgh Pirates : LHP Sam Richardson
|
|
Batting: RHB Mike Blair
|
0-0: Ball 1-0: Foul Ball, location: 2F 1-1: Ball 2-1: Swinging Strike 2-2: Fly out, F9 (Flyball, 89M, EV 88.1 MPH)
|
|
Batting: SHB Andrew Wray II
|
0-0: Called Strike 0-1: Foul Ball, location: 2F 0-2: Fly out, F6 (Line Drive, 6, EV 63.1 MPH)
|
|
Batting: RHB Luis Torres
|
0-0: Called Strike 0-1: Foul Ball, location: 2F 0-2: Strikes out swinging
|
| Top of the 7th over - 0 runs, 0 hits, 0 errors, 0 left on base; Washington 2 - Pittsburgh 4 |
| BOTTOM OF THE 7TH |
|
Pittsburgh Pirates batting - Pitching for Washington Nationals : RHP Reece Nichols
|
|
Batting: RHB Mike Thornton
|
0-0: Ball 1-0: Called Strike 1-1: Foul Ball, location: 2F 1-2: Foul Ball, location: 2F 1-2: DOUBLE (Line Drive, 3D, EV 105.6 MPH)
|
|
Batting: RHB Mike Bates
|
0-0: Swinging Strike 0-1: Ball 1-1: Fly out, F7 (Flyball, 78S, EV 95.0 MPH)
|
|
Batting: RHB Pedro Nin
|
0-0: Ball 1-0: Called Strike 1-1: Ground out U3 (Groundball, 34, EV 100.0 MPH) Mike Thornton to third
|
|
Batting: RHB Eisse Bravenboer
|
0-0: Ball 1-0: Ball 2-0: SINGLE (Flyball, 89S, EV 89.4 MPH) Mike Thornton scores
|
|
Pitching: RHP Chris Painter
|
|
|
Batting: RHB Steve Jordan
|
0-0: Ball Eisse Bravenboer is caught stealing 2nd base 2-4
|
| Bottom of the 7th over - 1 run, 2 hits, 0 errors, 0 left on base; Washington 2 - Pittsburgh 5 |
| TOP OF THE 8TH |
|
Washington Nationals batting - Pitching for Pittsburgh Pirates : LHP Sam Richardson
|
|
Batting: RHB C.J. Beavers
|
0-0: Ball 1-0: Ground out 4-3 (Groundball, 4M, EV 85.6 MPH)
|
|
Batting: SHB Junzo Kato
|
0-0: Ball 1-0: Ball 2-0: Ground out 6-3 (Groundball, 6, EV 84.4 MPH)
|
|
Batting: RHB John Sanders
|
0-0: Called Strike 0-1: Called Strike 0-2: Ball 1-2: Ball 2-2: Foul Ball, location: 2F 2-2: SOLO HOME RUN (Flyball, 7D, EV 98.8 MPH), Distance : 380 ft
|
|
Batting: LHB R.J. O'Brien
|
0-0: Called Strike 0-1: Called Strike 0-2: Ball 1-2: Ball 2-2: Strikes out swinging
|
| Top of the 8th over - 1 run, 1 hit, 0 errors, 0 left on base; Washington 3 - Pittsburgh 5 |
| BOTTOM OF THE 8TH |
|
Pittsburgh Pirates batting - Pitching for Washington Nationals : RHP Chris Painter
|
|
Batting: RHB Steve Jordan
|
0-0: Ball 1-0: Ball 2-0: Foul Ball, location: 2F 2-1: Ball 3-1: Foul Ball, location: 2F 3-2: Strikes out looking
|
|
Batting: SHB Marvin McAleer
|
0-0: Called Strike 0-1: Ball 1-1: Foul Ball, location: 2F 1-2: SINGLE (Line Drive, 8RS, EV 93.1 MPH)
|
|
Batting: RHB Vincent Poopwell
|
0-0: Ball 1-0: Foul Ball, location: 2F 1-1: Fly out, F9 (Flyball, 9LM, EV 90.6 MPH)
|
|
Batting: LHB Theodore Conboy
|
0-0: Foul Ball, location: 2F 0-1: Fly out, F8 (Flyball, 89D, EV 105.0 MPH)
|
| Bottom of the 8th over - 0 runs, 1 hit, 0 errors, 1 left on base; Washington 3 - Pittsburgh 5 |
| TOP OF THE 9TH |
|
Washington Nationals batting - Pitching for Pittsburgh Pirates : LHP Sam Richardson
|
|
Pitching: RHP Steve Grier
|
|
|
Batting: RHB Tommy Baird
|
0-0: Foul Ball, location: 2F 0-1: Called Strike 0-2: Foul Ball, location: 2F 0-2: Strikes out swinging
|
|
Batting: LHB Armando Carbajal
|
0-0: Called Strike 0-1: Ground out 4-3 (Groundball, 4, EV 101.3 MPH)
|
|
Batting: RHB Mike Blair
|
0-0: Ball 1-0: Called Strike 1-1: Ball 2-1: Foul Ball, location: 2F 2-2: Strikes out looking
|
| Top of the 9th over - 0 runs, 0 hits, 0 errors, 0 left on base; Washington 3 - Pittsburgh 5 |
|